 Dungeon Crawl Stone Soup version 0.17.0-28-g6e173f8 (webtiles) character file.

133 gorblad the Covert (level 5, -2/34 HPs)
             Began as an Octopode Assassin on Dec 4, 2015.
             Was an Initiate of Dithmenos.
             Slain by an orc
             ... wielding a +0 hand axe
              (8 damage)
             ... on level 3 of the Dungeon.
             The game lasted 00:05:18 (2631 turns).

gorblad the Covert (Octopode Assassin)              Turns: 2631, Time: 00:05:18

Health: -2/34      AC:  1    Str: 10    XL:     5   Next: 16%
Magic:  5/5        EV: 13    Int: 13    God:    Dithmenos [......]
Gold:   116        SH:  0    Dex: 20    Spells: 0 memorised, 4 levels left

rFire  x . .     SeeInvis .     n - +2 short sword (elec)
rCold  + . .     Clarity  +     (no shield)
rNeg   . . .     SustAt   .     (helmet restricted)
rPois  .         Gourm    .     g - amulet of clarity
rElec  .         Spirit   .     r - +5 ring of dexterity
rCorr  .         Warding  .     w - ring of flight
rMut   .         Stasis   .     y - ring of ice
MR     .....                    (no ring)
Stlth  ++++++....               (no ring)
                                (no ring)
                                (no ring)
                                (no ring)

@: not resistant to hostile enchantments, very stealthy
A: almost no armour, amphibious, 8 rings, constrict 8, camouflage 1, gelatinous
body 1
a: Renounce Religion, Evoke Flight


You were on level 3 of the Dungeon.
You worshipped Dithmenos.
Dithmenos was noncommittal.
You were not hungry.

You visited 1 branch of the dungeon, and saw 3 of its levels.

You collected 116 gold pieces.

Inventory:

Hand Weapons
 a - a +2 dagger
 b - a +0 blowgun
 n - a +2 short sword of electrocution (weapon)
Missiles
 c - 33 poisoned needles
 d - 2 curare-tipped needles
Jewellery
 g - an amulet of clarity (around mantle)
 r - a +5 ring of dexterity (left tentacle)
 w - a ring of flight (right tentacle)
 y - a ring of ice (on tentacle)
Wands
 s - a wand of draining (7)
Scrolls
 o - a scroll of fog
 t - 2 scrolls of enchant weapon {unknown}
 u - a scroll of teleportation
Potions
 h - a potion of mutation {unknown}
 j - a potion of haste {unknown}
 k - 2 potions of curing
 l - a potion of cure mutation {unknown}
 m - a potion of magic {unknown}
 q - a potion of brilliance {unknown}
 v - 2 potions of agility {unknown}
 z - 2 potions of heal wounds {unknown}
Comestibles
 e - a bread ration
 f - 3 meat rations
 i - a beef jerky
 p - 4 fruits
 x - 6 chunks of flesh


   Skills:
 - Level 2.0 Fighting
 - Level 2.0 Short Blades
 - Level 2.0 Throwing
 + Level 2.5 Dodging
 - Level 8.0 Stealth


You had 4 spell levels left.
You didn't know any spells.

Dungeon Overview and Level Annotations

Branches:
Dungeon (3/15)

Altars:
Dithmenos
Nemelex Xobeh
The Shining One


Innate Abilities, Weirdness & Mutations

You cannot wear most types of armour.
You are amphibious.
You can wear up to eight rings at the same time.
You can use your tentacles to constrict eight enemies at once.
Your skin changes colour to match your surroundings (Stealth).
Your rubbery body absorbs attacks (AC +1).


Message History

The orc barely misses you. The orc hits you with a hand axe.
* * * LOW HITPOINT WARNING * * *
Things that are here:
a club; a hand axe; an orc corpse You closely miss the orc wizard.
Your grab misses the orc wizard. You squeeze the orc wizard.
You kill the orc wizard!
Dithmenos accepts your kill.
Dithmenos appreciates your extinguishing a source of fire.
Your Dodging skill increases to level 2!
You have reached level 5!
You feel agile. The orc hits you but does no damage.
The orc hits you with a hand axe.
* * * LOW HITPOINT WARNING * * *
Drink which item? (? for menu, Esc to quit)
It was a potion of curing.
You feel better. The ball python misses you. The ball python misses you.
The orc hits you.
* * * LOW HITPOINT WARNING * * *
The orc hits you with a hand axe!
You die...

##...)...# ..
####........# ...
#....####...#
..#########....+......#
#........#....###....#
#........#....###....#
#........#....+......#
#...)So..#....####...#
#....@...##+#.>...####
#.....o..##.#.###.#
#........'....# #.#
#........##.#####.####
###########...........
############


You could see 2 orcs and a ball python.

Vanquished Creatures
  An orc wizard (D:3)
  2 adders (D:2)
  2 oozes
  5 worms
  2 giant geckos (D:1)
  An orc (D:3)
  3 giant cockroaches (D:2)
  7 goblins
  13 hobgoblins
  A quokka (D:3)
  12 bats
  4 giant newts (D:1)
  4 kobolds
  8 rats
65 creatures vanquished.

Vanquished Creatures (others)
  An orc (D:3)
1 creature vanquished.

Grand Total: 66 creatures vanquished

Notes
Turn   | Place    | Note
--------------------------------------------------------------
     0 | D:1      | gorblad the Octopode Assassin began the quest for the Orb.
     0 | D:1      | Reached XP level 1. HP: 14/14 MP: 1/1
   126 | D:1      | Reached XP level 2. HP: 19/19 MP: 2/2
   142 | D:1      | Reached skill level 6 in Stealth
   648 | D:1      | Reached XP level 3. HP: 11/24 MP: 3/3
  1173 | D:2      | Reached skill level 7 in Stealth
  1530 | D:2      | Reached XP level 4. HP: 29/29 MP: 4/4
  1675 | D:2      | Found a glowing golden altar of the Shining One.
  1792 | D:2      | Found a faded altar to an unknown god.
  1816 | D:2      | Found a shadowy altar of Dithmenos.
  1866 | D:2      | Became a worshipper of Dithmenos the Shadowed
  1914 | D:2      | Reached skill level 8 in Stealth
  2500 | D:3      | Noticed an orc warrior
  2526 | D:3      | Found a sparkling altar of Nemelex Xobeh.
  2630 | D:3      | Reached XP level 5. HP: 5/34 MP: 5/5
  2631 | D:3      | Slain by an orc

Action                   |  1- 3 |  4- 6 || total
-------------------------+-------+-------++-------
Melee: Dagger            |    16 |       ||    16
       Short sword       |    48 |    36 ||    84
  Use: Scroll            |     2 |     4 ||     6
       Potion            |       |     1 ||     1
 Stab: Sleeping          |    10 |    14 ||    24
       Distracted        |       |     1 ||     1
  Eat: Chunk             |     2 |     3 ||     5
